 Dungeon Crawl Stone Soup version 0.20-a0-1122-gb7cbeb9 (webtiles) character file.

26313 Naow the Severer (level 13, -4/99 HPs)
             Began as a Formicid Fighter on May 15, 2017.
             Was a High Priest of Okawaru.
             Slain by an 11-headed hydra (13 damage)
             ... on level 14 of the Dungeon.
             The game lasted 00:30:47 (17375 turns).

Naow the Severer (Formicid Fighter)                Turns: 17375, Time: 00:30:47

Health: -4/99      AC: 12    Str: 28    XL:     13   Next: 57%
Magic:  13/19      EV: 12    Int: 10    God:    Okawaru [*****.]
Gold:   824        SH: 15    Dex: 10    Spells: 12/12 levels left

rFire    . . .     SeeInvis +   u - +3 hand axe (flame)
rCold    . . .     Gourm    .   c - +1 shield
rNeg     . . .     Faith    .   b - +0 scale mail
rPois    .         Spirit   .   (helmet unavailable)
rElec    .         Reflect  .   Z - scarf {repulsion}
rCorr    .         Harm     .   (no gloves)
MR       +....                  m - +2 pair of boots
Stlth    ..........             (no amulet)
Regen    0.3/turn               H - ring of loudness (curse)
MPRegen  0.2/turn               U - +4 ring of strength

@: heroism, repel missiles
A: permanent stasis, dig shafts and tunnels, four strong arms, antennae 3
a: Dig, Shaft Self, Heroism, Finesse, Renounce Religion


You were on level 14 of the Dungeon.
You worshipped Okawaru.
Okawaru was extremely pleased with you.
You were not hungry.

You visited 1 branch of the dungeon, and saw 14 of its levels.

You collected 824 gold pieces.

Inventory:

Hand Weapons
 u - a +3 hand axe of flaming (weapon)
 R - the +6 broad axe of the Firefly {vamp, +Rage rF+ rC- Str+6}
   (Okawaru gifted it to you on level 10 of the Dungeon)

   It inflicts no extra harm, but heals its wielder when it wounds a living foe.
   It affects your strength (+6).
   It protects you from fire.
   It makes you vulnerable to cold.
   It lets you go berserk.
Armour
 b - a +0 scale mail (worn)
 c - a +1 shield (worn)
 m - a +2 pair of boots (worn)
 z - a +0 cloak
 Z - a scarf of repulsion (worn)
Jewellery
 o - an uncursed ring of fire
 H - a cursed ring of loudness (left hand)
 U - a +4 ring of strength (right hand)
Wands
 a - a wand of polymorph (0/24)
 j - a wand of disintegration (10/24)
 A - a wand of flame (30/48)
 I - a wand of lightning (7/15)
 L - a wand of iceblast (8/15)
 V - a wand of iceblast (3/15)
Scrolls
 g - a scroll of recharging {unknown}
 i - 4 scrolls of remove curse
 p - a scroll of amnesia
 r - 2 scrolls of magic mapping
 x - 5 scrolls of identify
 y - a scroll of random uselessness {unknown}
 C - 2 scrolls of enchant weapon
 E - 4 scrolls of fog {unknown}
 F - 3 scrolls of enchant armour
 J - a scroll of holy word {unknown}
 M - 2 scrolls of noise {unknown}
 N - 2 scrolls of silence {unknown}
 Q - a scroll of fear {unknown}
Potions
 d - 3 potions of might
 e - 7 potions of mutation
 h - 2 potions of haste {unknown}
 k - 6 potions of curing
 l - 5 potions of heal wounds
 n - 6 potions of brilliance {unknown}
 q - 2 potions of flight {unknown}
 t - a potion of berserk rage {unknown}
 D - a potion of degeneration {unknown}
 G - a potion of cancellation {unknown}
 S - 2 potions of agility
Books
 s - a book of Conjurations

   Spells                             Type                      Level
   a - Magic Dart                     Conjuration                  1
   b - Searing Ray                    Conjuration                  2
   c - Dazzling Spray                 Conjuration/Hexes            3
   d - Fulminant Prism                Conjuration/Hexes            4
   e - Force Lance                    Conjuration/Translocation    4
   f - Iskenderun's Mystic Blast      Conjuration                  4
 T - a book of Misfortune

   Spells                             Type                      Level
   a - Confusing Touch                Hexes                        1
   b - Confuse                        Hexes                        3
   c - Gell's Gravitas                Translocation                3
   d - Petrify                        Transmutation/Earth          4
   e - Metabolic Englaciation         Hexes/Ice                    5
   f - Yara's Violent Unravelling     Hexes/Transmutation          5
Miscellaneous
 X - a lamp of fire
Comestibles
 f - 11 bread rations
 v - 9 meat rations
 w - 12 royal jellies
 B - 4 fruits
 K - 2 chunks of flesh


   Skills:
 + Level 8.6(13.6) Fighting
 * Level 16.8(21.8) Axes
 - Level 6.5(11.5) Armour
 - Level 9.0(14.0) Shields
 - Level 8.4 Invocations


You had 12 spell levels left.
You didn't know any spells.

Dungeon Overview and Level Annotations

Branches:
Dungeon (14/15)            Temple (0/1) D:6            Lair (0/6) D:9
    Orc (0/2) D:10
 Vaults: D:13-14

Altars:
Ashenzari
Cheibriados
Kikubaaqudgha
Nemelex Xobeh
Okawaru
Sif Muna
Xom
Zin

Shops:
D:6 !   D:7 (

Annotations:
D:9 1 runed door


Innate Abilities, Weirdness & Mutations

You cannot be hasted, slowed, berserked, paralysed or teleported.
You can dig through walls and to a lower floor.
Your four strong arms can wield two-handed weapons with a shield.
You have a pair of large antennae on your head. (SInv)


Message History

* * * LOW HITPOINT WARNING * * *
You are too injured to fight recklessly!
You are too injured to fight recklessly!
Really unwield
R - the +6 broad axe of the Firefly {vamp, +Rage rF+ rC- Str+6}?
You feel the dreadful sensation subside.
Your +3 hand axe of flaming bursts into flame!
u - a +3 hand axe of flaming (weapon)
You hit the 11-headed hydra. You burn the 11-headed hydra.
The 11-headed hydra is severely wounded.
The 11-headed hydra misses you. The 11-headed hydra bites you.
* * * LOW HITPOINT WARNING * * *
You block the 11-headed hydra's attack.
The 11-headed hydra bites you but does no damage.
The 11-headed hydra bites you.
* * * LOW HITPOINT WARNING * * *
The 11-headed hydra barely misses you. The 11-headed hydra bites you!
* * * LOW HITPOINT WARNING * * *
The 11-headed hydra bites you but does no damage.
The 11-headed hydra bites you!
You die...

....##.....##
......>.....##
.............#
.............#
..........(..# #
........$....# #
......D......#
##### {#@[....#
#.... {##....##
#.### #..%## ##.#
# ##.## ####..##.
#.# ###......). {
{#.####..(...####
##.......#####
#....†...##
#..##.##..####...


You could see a 11-headed hydra.

Vanquished Creatures
  A hydra (D:11)
  5 two-headed ogres
  A centaur warrior (D:13)
  5 skeletal warriors
  An unseen horror (D:12)
  A wizard (D:14)
  A deep elf mage (D:12)
  3 ugly things
  Pikel (D:9)
  Joseph (D:8)
  Maurice (D:12)
  A centaur zombie (D:14)
  The ghost of Zigma the Ruffian, a novice DrMo of Sif Muna (D:5)
  Psyche (D:9)
  A gargoyle (D:13)
  A komodo dragon (D:12)
  A queen bee (D:9)
  2 trolls
  A merfolk (D:9)
  A slime creature (D:11)
  A hippogriff (D:12)
  2 shadows (D:12)
  13 yaks
  A vampire (D:12)
  A wyvern (D:10)
  A basilisk (D:11)
  Eustachio (D:6)
  A hungry ghost (D:8)
  2 wargs (D:9)
  A soldier ant (D:12)
  11 orc warriors
  2 eyes of draining
  5 ice beasts
  3 phantoms
  5 sky beasts
  A black bear (D:6)
  4 ogres
  8 centaurs
  3 big kobolds
  A crocodile (D:8)
  Blork the orc (D:4)
  5 bullfrogs
  2 wyvern skeletons
  6 scorpions
  33 killer bees
  5 howler monkeys
  9 wights
  5 crimson imps
  A jelly (D:5)
  5 bullfrog zombies
  4 centaur skeletons
  A gnoll shaman (D:9)
  6 hounds
  10 orc priests
  10 orc wizards
  Crazy Yiuf (D:6)
  2 bullfrog skeletons
  16 worker ants
  4 iguanas
  A mummy (D:9)
  A worker ant zombie (D:5)
  15 gnolls
  13 adders
  A shadow imp (D:10)
  An ooze (D:3)
  An adder zombie (D:5)
  2 adder skeletons
  6 worms
  3 dart slugs
  7 leopard geckos
  62 orcs
  3 bats
  7 giant cockroaches
  3 goblins
  10 hobgoblins
  16 jackals
  21 kobolds
  2 quokkas
  2 ball pythons
  A ball python skeleton (D:4)
  2 frilled lizards
  A jackal skeleton (D:6)
  3 leopard gecko zombies
  9 rats
  A butterfly (D:9)
418 creatures vanquished.

Vanquished Creatures (others)
  A butterfly (D:9)
1 creature vanquished.

Grand Total: 419 creatures vanquished

Notes
Turn   | Place    | Note
-------+----------+-------------------------------------------
     0 | D:1      | Naow the Formicid Fighter began the quest for the Orb.
     0 | D:1      | Reached XP level 1. HP: 18/18 MP: 1/1
   333 | D:1      | Reached XP level 2. HP: 24/24 MP: 2/2
  1347 | D:2      | Reached XP level 3. HP: 24/29 MP: 3/3
  1450 | D:2      | Reached skill level 3 in Axes
  1709 | D:2      | Reached XP level 4. HP: 35/35 MP: 4/4
  2544 | D:3      | Reached XP level 5. HP: 31/41 MP: 5/5
  2552 | D:3      | Reached skill level 4 in Axes
  2811 | D:3      | Reached skill level 5 in Shields
  3238 | D:3      | Found a deep blue altar of Sif Muna.
  3535 | D:4      | Reached XP level 6. HP: 46/47 MP: 6/6
  3571 | D:4      | Reached skill level 5 in Axes
  3854 | D:4      | Reached XP level 7. HP: 21/52 MP: 7/7
  4272 | D:4      | Reached skill level 6 in Axes
  4442 | D:4      | Noticed Blork the orc
  4452 | D:4      | Killed Blork the orc
  4556 | D:4      | Found a shattered altar of Ashenzari.
  4799 | D:5      | Entered Level 5 of the Dungeon
  4810 | D:5      | Found an ancient bone altar of Kikubaaqudgha.
  4810 | D:5      | Found a sparkling altar of Nemelex Xobeh.
  4815 | D:5      | Found a faded altar of an unknown god.
  4817 | D:5      | Found a faded altar of an unknown god.
  4818 | D:5      | Found an iron altar of Okawaru.
  4822 | D:5      | Became a worshipper of Warmaster Okawaru
  5249 | D:5      | Noticed Zigma's ghost (novice DrMo)
  5618 | D:5      | Killed Zigma's ghost
  5618 | D:5      | Reached * piety under Okawaru
  5618 | D:5      | Reached skill level 7 in Axes
  5618 | D:5      | Reached XP level 8. HP: 19/58 MP: 8/8
  5990 | D:5      | Reached skill level 8 in Axes
  6705 | D:6      | Reached XP level 9. HP: 64/64 MP: 9/9
  6711 | D:6      | Noticed Eustachio
  6725 | D:6      | Killed Eustachio
  6725 | D:6      | Reached skill level 9 in Axes
  6823 | D:6      | Reached ** piety under Okawaru
  6861 | D:6      | Found a staircase to the Ecumenical Temple.
  7160 | D:6      | Found Udwiluc's Distillery.
  7397 | D:6      | Found a runed door.
  7401 | D:6      | Noticed Crazy Yiuf
  7410 | D:6      | Killed Crazy Yiuf
  7579 | D:7      | Reached skill level 10 in Axes
  7630 | D:7      | Reached skill level 1 in Invocations
  8041 | D:7      | Found Ycacril's Weapon Shoppe.
  8204 | D:7      | Reached *** piety under Okawaru
  8576 | D:8      | Reached XP level 10. HP: 70/70 MP: 12/12
  8623 | D:8      | Noticed a two-headed ogre
  8638 | D:8      | Killed a two-headed ogre
  8638 | D:8      | Reached skill level 11 in Axes
  8789 | D:8      | Reached skill level 5 in Invocations
  8905 | D:8      | Reached **** piety under Okawaru
  9341 | D:8      | Noticed Joseph
  9372 | D:8      | Killed Joseph
  9372 | D:8      | Reached skill level 12 in Axes
 10145 | D:9      | Found a staircase to the Lair.
 10180 | D:9      | Noticed Psyche
 10191 | D:9      | Killed Psyche
 10208 | D:9      | Reached XP level 11. HP: 42/75 MP: 15/15
 10552 | D:9      | Noticed a two-headed ogre
 10569 | D:9      | Killed a two-headed ogre
 10569 | D:9      | Reached ***** piety under Okawaru
 10956 | D:9      | Found a glowing silver altar of Zin.
 10956 | D:9      | Noticed an angel
 10957 | D:9      | Found a runed door.
 11095 | D:9      | Reached skill level 13 in Axes
 11123 | D:9      | Found a snail-covered altar of Cheibriados.
 11193 | D:9      | Reached skill level 5 in Armour
 11992 | D:9      | Found a shimmering altar of Xom.
 11992 | D:9      | Noticed Pikel
 12008 | D:9      | Killed Pikel
 12322 | D:10     | Entered Level 10 of the Dungeon
 12378 | D:10     | Received a gift from Okawaru
 12381 | D:10     | Got an iridescent broad axe {god gift}
 12402 | D:10     | Identified the +6 broad axe of the Firefly {vamp, +Rage rF+ rC- Str+6} (Okawaru gifted it to you on level 10 of the Dungeon)
 13264 | D:10     | Reached XP level 12. HP: 81/81 MP: 18/18
 13273 | D:10     | Found a staircase to the Orcish Mines.
 13395 | D:10     | Reached skill level 14 in Axes
 13776 | D:11     | Noticed a four-headed hydra
 13795 | D:11     | Killed a one-headed hydra
 14616 | D:12     | Reached skill level 5 in Fighting
 14631 | D:12     | Noticed a two-headed ogre
 14638 | D:12     | Killed a two-headed ogre
 14758 | D:12     | Received a gift from Okawaru
 14821 | D:12     | Reached skill level 15 in Axes
 14896 | D:12     | Noticed Maurice
 14914 | D:12     | Killed Maurice
 14967 | D:12     | Noticed an unseen horror
 14980 | D:12     | Killed an unseen horror
 15586 | D:13     | Noticed a two-headed ogre
 15593 | D:13     | Killed a two-headed ogre
 15593 | D:13     | Reached XP level 13. HP: 91/96 MP: 19/19
 15911 | D:13     | Noticed a centaur warrior
 15922 | D:13     | Killed a centaur warrior
 15963 | D:13     | Reached skill level 16 in Axes
 16650 | D:14     | Received a gift from Okawaru
 17366 | D:14     | Noticed a six-headed hydra
 17375 | D:14     | Slain by an 11-headed hydra

Vault maps used:
D:1:      sevenhm_arrival_forest_fort_large_2, minmay_cupped
D:2:      corexii_corridor_pit, minmay_misc_feat_plants, hangedman_decor_push
D:3:      tgw_sif, first_bread
D:4:      ashenzari_conservatory_becter, minmay_unequal, uniq_blork_the_orc
D:5:      chequers_temple_overflow_minitemple, serial_undead, serial_undead_f,
          serial_undead_d, serial_undead_b, serial_undead_d
D:6:      minmay_temple_entry_junction, serial_shops, nicolae_shop_crystal,
          uniq_eustachio, uniq_crazy_yiuf_cottage
D:7:      serial_shops, shop, st_stairs_13
D:8:      uniq_joseph
D:9:      slow_altar_1, xom_butterflies, erik_lair_orcish_takeover,
          special_room, hangedman_fish_farm, lemuel_angel_altar, uniq_psyche,
          uniq_pikel
D:10:     david_orc_4
D:12:     uniq_maurice
D:14:     erik_vaults_2, kennysheep_nub, minmay_misc_feat_iff

Skill      XL: |  1  2  3  4  5  6  7  8  9 10 11 12 13 |
---------------+----------------------------------------+-----
Shields        | 4 5 7 8 9 |  9.0
Axes           | 3 4 5 7 8 10 12 13 15 16 | 16.8
Invocations    | 3 6 8 |  8.4
Armour         | 4 6 |  6.5
Fighting       | 7 8 |  8.6

Action                   |  1- 3 |  4- 6 |  7- 9 | 10-12 | 13-15 || total
-------------------------+-------+-------+-------+-------+-------++-------
Melee: War axe           |    87 |   113 |       |       |       ||   200
       Hand axe          |       |   145 |   417 |   494 |     1 ||  1057
       Broad axe         |       |       |       |   262 |   102 ||   364
Invok: Heroism           |       |       |     2 |    11 |     4 ||    17
       Finesse           |       |       |       |     1 |       ||     1
  Use: Scroll            |       |     8 |     2 |       |       ||    10
  Eat: Chunk             |     3 |     7 |    13 |    26 |     4 ||    53
       Royal jelly       |       |       |     1 |     4 |     1 ||     6
Armor: Scale mail        |    28 |    89 |   104 |   155 |    26 ||   402
Dodge: Dodged            |    22 |    69 |    82 |   188 |    32 ||   393
       Deflected         |       |       |       |       |     3 ||     3
Block: Shield            |    48 |   121 |   185 |   360 |    81 ||   795
